 Seeded DCSS version 0.29.1-12-g30fa7ad0bf (webtiles) character file.

Game seed: 9845822215292249863 (custom seed)

35 Sanktem7 the Conjurer (level 3, 19/19 HPs)
             Began as a Deep Elf Conjurer on Jan 7, 2023.
             Quit the game on level 1 of the Dungeon.
             The game lasted 00:04:05 (1072 turns).

Sanktem7 the Conjurer (Deep Elf Conjurer)           Turns: 1072, Time: 00:04:05

Health: 19/19      AC:  5    Str:  4    XL:     3   Next: 16%
Magic:  9/9        EV: 28    Int: 19    God:
Gold:   636        SH:  0    Dex: 18    Spells: 7/8 levels left

rFire   . . .      SeeInvis +   h - staff of conjuration {!a@e2staff}
rCold   . . .      Faith    .   (no shield)
rNeg    . . .      Spirit   .   a - +0 robe
rPois   .          Reflect  .   (no helmet)
rElec   .          Harm     .   (no cloak)
rCorr   .          Rampage  .   (no gloves)
Will    +....                   q - +2 pair of boots "Nailev" {Fly Int-5 Dex+5 SInv}
Stlth   +++.......              k - amulet of the acrobat
HPRegen 0.06/turn               i - ring of willpower
MPRegen 0.11/turn               (no ring)

@: acrobatic, flying
A: no striking features
a: no special abilities


You were on level 1 of the Dungeon.
You visited 1 branch of the dungeon, and saw 1 of its levels.

You collected 636 gold pieces.


   Skills:
 * Level 3.5 Dodging
 * Level 3.7 Stealth
 - Level 3.0 Spellcasting
 - Level 4.3 Conjurations


You had 7 spell levels left.
You knew the following spells:

 Your Spells              Type           Power      Damage    Failure   Level
a - Magic Dart            Conj           100%       1d8       2%          1

Your spell library contained the following spells:

 Spells                   Type           Power      Damage    Failure   Level
 Searing Ray              Conj           58%        2d6       3%          2
 Dazzling Flash           Conj/Hex       32%        N/A       19%         3
 Fulminant Prism          Conj/Hex       8%         3d7       52%         4
 Iskenderun's Mystic Bla  Conj/Tloc      16%        2d5       52%         4

Inventory:

Hand Weapons
 d - a +0 spear {polearm}
   (You found it on level 1 of the Dungeon)
 f - a +0 short sword {short}
   (You took it off a kobold on level 1 of the Dungeon)
 l - a +0 dagger {short}
   (You took it off a goblin on level 1 of the Dungeon)
Missiles
 j - 14 stones {throwing}
 o - 5 poisoned darts {throwing}
Armour
 a - a +0 robe (worn)
 q - the +2 pair of boots "Nailev" (worn) {Fly Int-5 Dex+5 SInv}
   (You acquired it on level 1 of the Dungeon)

   Int:       It affects your intelligence (-5).
   Dex:       It affects your dexterity (+5).
   SInv:      It lets you see invisible.
   Fly:       It grants you flight.
Magical Staves
 h - a staff of conjuration (weapon) {!a@e2staff}
   (You found it on level 1 of the Dungeon)
Jewellery
 g - the amulet of the Philosopher {Spirit rElec rF++ Str-4}
   (You acquired it on level 1 of the Dungeon)

   [amulet of guardian spirit]

   It causes incoming damage to be divided between your reserves of health and
   magic.
   Str:       It affects your strength (-4).
   rF:        It greatly protects you from fire.
   rElec:     It insulates you from electricity.
 i - a ring of willpower (left hand)
   (You found it on level 1 of the Dungeon)
 k - an amulet of the acrobat (around neck)
   (You found it on level 1 of the Dungeon)
Scrolls
 c - a scroll of teleportation {unknown}
 e - a scroll of identify {unknown}
 m - a scroll of amnesia {unknown}
Potions
 b - 2 potions of magic
 n - a potion of curing {unknown}
 p - a potion of heal wounds {unknown}

Dungeon Overview and Level Annotations

Branches:
Dungeon (1/15) Zot: 4929

Altars:

######## #......# #......#
#......# ###......#
####......#.###############
................@##.......#
...#.#.#.##.#..####.####.##
##.#.#.#......)# #.# #.#
##.#.#.#.###.#.# #.# #.#
##.#.#.####..#.# #.# #.#
##.#.#.........# #.# #.#
##.#.#####..#######.# #.#
##.#.....[..........# #.#
##.#...############## #.#


There were no monsters in sight!


Message History

You kill the bat! 😎 MP[-1]
You lost 1 mp, and now have 0/9 mp.
Things that are here:
a +0 club {mace}; a gnoll corpse
Things that are here:
a +0 dagger {short}; a goblin corpse You now have 31 gold pieces (gained 11).
Things that are here:
a +0 dagger {short}; a goblin corpse
p - a metallic pink potion 😎 MP[+9]
Your mp is fully restored (9).
An endoplasm comes into view.
Casting: Magic Dart (safe; 1% risk of failure)
Confirm with . or Enter, or press ? or * to list all spells.
Aiming: Magic Dart (safe; 1% risk of failure)
Press: ? - help, Shift-Dir - straight line, f - endoplasm
Aim: an endoplasm (asleep, 100% to hit)
You feel a surge of power!
The magic dart hits the endoplasm but does no damage. 😎 MP[-1]
You lost 1 mp, and now have 8/9 mp.
Casting: Magic Dart (safe; 1% risk of failure)
Confirm with . or Enter, or press ? or * to list all spells.
Aiming: Magic Dart (safe; 1% risk of failure)
Press: ? - help, Shift-Dir - straight line, f/p - endoplasm
Aim: an endoplasm (100% to hit)
You feel a surge of power!
The magic dart hits the endoplasm. 😎 MP[-1]
You lost 1 mp, and now have 7/9 mp.
Casting: Magic Dart (safe; 1% risk of failure)
Confirm with . or Enter, or press ? or * to list all spells.
Aiming: Magic Dart (safe; 1% risk of failure)
Press: ? - help, Shift-Dir - straight line, f/p - endoplasm
Aim: an endoplasm (severely wounded, 100% to hit)
You feel a surge of power!
The magic dart hits the endoplasm!
You kill the endoplasm! 😎 MP[-1]
You lost 1 mp, and now have 6/9 mp.
Found a stone staircase leading down. 😎 MP[+3]
Your mp is fully restored (9).
g - 3 scrolls labelled VOSEFAQATU (gained 1)
A kobold comes into view. It is wielding a +0 whip.
A kobold is nearby!
Casting: Magic Dart (safe; 1% risk of failure)
Confirm with . or Enter, or press ? or * to list all spells.
Aiming: Magic Dart (safe; 1% risk of failure)
Press: ? - help, Shift-Dir - straight line, f - kobold
Aim: a kobold, wielding a +0 whip and quivering stones (asleep, 100% to hit)
You feel a surge of power!
The magic dart hits the kobold. 😎 MP[-1]
You lost 1 mp, and now have 8/9 mp.
Casting: Magic Dart (safe; 1% risk of failure)
Confirm with . or Enter, or press ? or * to list all spells.
Aiming: Magic Dart (safe; 1% risk of failure)
Press: ? - help, Shift-Dir - straight line, f/p - kobold
Aim: a kobold, wielding a +0 whip and quivering stones (moderately wounded, 100% to hit)
You feel a surge of power!
The magic dart hits the kobold.
You kill the kobold! 😎 MP[-1]
You lost 1 mp, and now have 7/9 mp.
Casting: Magic Dart (safe; 1% risk of failure)
Confirm with . or Enter, or press ? or * to list all spells.
You can't see any susceptible monsters within range! (Use Z to cast anyway.)
j - 14 stones {throwing} (gained 2)
Things that are here:
a +0 whip {mace}; a kobold corpse
There is a shaft here.
There is a stone staircase leading down here.
You open the door.
There is an open door here.
You open the door.
There is an open door here.
You open the door.
There is an open door here.
Found a stone staircase leading down. 😎 MP[+2]
Your mp is fully restored (9).
Casting: Magic Dart (safe; 1% risk of failure)
Confirm with . or Enter, or press ? or * to list all spells.
You can't see any susceptible monsters within range! (Use Z to cast anyway.)
There is a stone staircase leading down here.
Done exploring.
This is a scroll of acquirement!
Something appears at your feet!
q - the +2 pair of boots "Nailev" {Fly Int-5 Dex+5 SInv} Something appears at your feet!
Something appears at your feet!
g - the amulet of the Philosopher {Spirit rElec rF++ Str-4} You now have 636 gold pieces (gained 605).
You start putting on your armour.
You continue putting on the +2 pair of boots "Nailev" {Fly Int-5 Dex+5 SInv}. x4
You finish putting on the +2 pair of boots "Nailev" {Fly Int-5 Dex+5 SInv}.
You feel stupid.
You feel agile.
You fly up into the air.
There is a stone staircase leading down here.
Are you sure you want to abandon this character and quit the game? (Confirm with "yes".)

Skill      XL: |  1  2 |
---------------+-------+-----
Stealth        | 3 |  3.7
Dodging        | 3 |  3.5
Spellcasting   | |  3.0
Conjurations   | |  4.3

Action                   || total
-------------------------++-------
 Cast: Magic Dart        ||    46
  Use: Scroll            ||     3
Dodge: Dodged            ||     3

Levels and vault maps discovered:
D:1:      giann_bridges, layout_basic

Notes
Turn   | Place    | Note
-------+----------+-------------------------------------------
     0 | D:1      | Sanktem7 the Deep Elf Conjurer began the quest for the Orb.
     0 | D:1      | Reached XP level 1. HP: 10/10 MP: 6/6
     0 | D:1      | magus.rc [v1.9.6]
   272 | D:1      | Reached skill level 3 in Stealth
   285 | D:1      | Reached XP level 2. HP: 15/15 MP: 5/8
   333 | D:1      | Reached skill level 3 in Dodging
   704 | D:1      | Reached XP level 3. HP: 19/19 MP: 1/9
  1055 | D:1      | Identified 3 scrolls of acquirement
  1055 | D:1      | Acquired the +2 pair of boots "Nailev" {Fly Int-5 Dex+5
                  | SInv}
  1057 | D:1      | Acquired 605 gold pieces
  1058 | D:1      | Acquired the amulet of the Philosopher {Spirit rElec rF++
                  | Str-4}
  1072 | D:1      | Quit the game

Vanquished Creatures
  A gnoll (D:1)
  2 dart slugs (D:1)
  2 ball pythons (D:1)
  5 bats (D:1)
  2 endoplasms (D:1)
  A giant cockroach (D:1)
  2 goblins (D:1)
  2 kobolds (D:1)
  A quokka (D:1)
  A frilled lizard (D:1)
  A rat (D:1)
20 creatures vanquished.

Table legend:
 A = Non-vault XP
 B = Vault XP
 C = Vault XP percentage of total XP
 D = Non-vault monster count
 E = Vault monster count
 F = Vault count percentage of total count
                 A         B        C        D         E       F
            +---------+---------+-------+---------+---------+-------
      Total |      50 |       0 |   0.0 |      20 |       0 |   0.0
            +---------+---------+-------+---------+---------+-------
        D:1 |      50 |       0 |   0.0 |      20 |       0 |   0.0
            +---------+---------+-------+---------+---------+-------

Illustrated notes

Table legend:
 A = Kills in this place as a percentage of kills in entire the game.
 B = Kills by you in this place as a percentage of kills by you in the entire game.
 C = Kills by friends in this place as a percentage of kills by friends in the entire game.
 D = Other kills in this place as a percentage of other kills in the entire game.
 E = Experience gained in this place as a percentage of experience gained in the entire game.
 F = Experience gained in this place divided by the number of levels of this place that you have seen.
                   A       B       C       D       E      F
               +-------+-------+-------+-------+-------+----------------------
         Total | 100.0 | 100.0 |   N/A |   N/A | 100.0 |  50.0
       Dungeon | 100.0 | 100.0 |   N/A |   N/A | 100.0 |  50.0
               +-------+-------+-------+-------+-------+----------------------

Table legend: (Time is in decaauts)
 A = Elapsed time spent in this place.
 B = Non-inter-level travel time spent in this place.
 C = Inter-level travel time spent in this place.
 D = Time resting spent in this place.
 E = Time spent auto-exploring this place.
 F = Levels seen in this place.
 G = Mean time per level.
                   A        B        C        D        E       F      G
               +--------+--------+--------+--------+--------+-----+--------+
         Total |   1070 |   1064 |      6 |      0 |    923 |   1 | 1070.0 |
       Dungeon |   1070 |   1064 |      6 |      0 |    923 |   1 | 1070.0 |
               +--------+--------+--------+--------+--------+-----+--------+

Top non-repeatable levels by time:
     D:1: 1070 daAuts
